 Dungeon Crawl Stone Soup version 0.30-a0-629-gd54f4be4f7 (webtiles) character file.

Game seed: 6915391811327596059

196 bande the Covered (level 5, -11/33 HPs)
             Began as a Gargoyle Fighter on Jan 13, 2023.
             Mangled by an ogre
             ... wielding a +0 giant club
              (13 damage)
             ... on level 5 of the Dungeon.
             The game lasted 00:04:06 (2464 turns).

bande the Covered (Gargoyle Fighter)                Turns: 2464, Time: 00:04:07

Health: -11/33     AC: 17    Str: 20    XL:     5   Next: 74%
Magic:  5/5        EV:  7    Int:  8    God:
Gold:   159        SH:  4    Dex: 11    Spells: 4/4 levels left

rFire   . . .      SeeInvis .    a - +1 war axe
rCold   . . .      Faith    .    c - +0 buckler
rNeg    + . .      Spirit   .    k - +0 chain mail
rPois   ∞          Reflect  .    p - +1 helmet
rElec   +          Harm     .    (no cloak)
rCorr   .          Rampage  .    n - +0 pair of gloves
Will    .....                    (no boots) Stlth
                                 (no amulet)
HPRegen 0.25/turn                (no ring)
MPRegen 0.09/turn                (no ring)

@: no status effects
A: sickness immunity, AC +4, negative energy resistance 1, electricity
resistance, torment resistance 1, petrification resistance
a: no special abilities


You were on level 5 of the Dungeon.
You visited 1 branch of the dungeon, and saw 4 of its levels.

You collected 159 gold pieces.

Inventory:

Hand Weapons
 a - a +1 war axe (weapon)
 q - a +0 flail
Armour
 c - a +0 buckler (worn)
 k - a +0 chain mail (worn)
 n - a +0 pair of gloves (worn)
 p - a +1 helmet (worn)
Wands
 b - a wand of roots (6)
Scrolls
 j - a scroll of teleportation
 l - a scroll of enchant weapon
 o - a scroll of poison
Potions
 d - 2 potions of might
 e - a potion of haste {unknown}
 f - a potion of attraction {unknown}
 g - a potion of invisibility {unknown}
 h - a potion of berserk rage {unknown}
 i - 2 potions of heal wounds
 m - 2 potions of lignification {unknown}


   Skills:
 + Level 4.0 Fighting
 + Level 3.6 Axes
 + Level 4.5 Armour
 + Level 3.9 Shields


You had 4 spell levels left.
You didn't know any spells.
Your spell library contained the following spells:

 Spells                   Type           Power      Damage    Failure   Level
 Blink                    Tloc           0%         N/A       100%        2
 Momentum Strike          Conj/Tloc      0%         3d8       100%        2
 Lesser Beckoning         Tloc           0%         N/A       100%        3
 Ozocubu's Armour         Ice            0%         N/A       100%        3
 Metabolic Englaciation   Hex/Ice        0%         N/A       100%        5
 Simulacrum               Ice/Necr       0%         N/A       100%        6


Dungeon Overview and Level Annotations

Branches:
Dungeon (3/15)

Altars:

Annotations:
D:3 Sigmund


Innate Abilities, Weirdness & Mutations

You are immune to sickness and miasma.
Your stone body is resilient. (AC +4)
You are immune to poison.
You resist negative energy. (rN+)
You are resistant to electric shocks. (rElec)
You are resistant to unholy torment.
You are immune to petrification.


Message History

Sigmund shouts!
A sourceless malevolence fills the Dungeon...
You fall into a shaft and drop 2 floors!
The shaft crumbles and collapses.
Found a stone staircase leading up.
You now have 159 gold pieces (gained 12).
An ogre comes into view. It is wielding a +0 giant club.
Found 5 stones.
The ogre shouts!
An orc comes into view. It is wielding a +0 morningstar.
The orc shouts!
The ogre hits you with a +0 giant club!!
Ouch! That really hurt!
You are too injured to fight recklessly!
You are too injured to fight recklessly!
You are too injured to fight recklessly!
You are too injured to fight recklessly!
You are too injured to fight recklessly!
You are too injured to fight recklessly!
You are too injured to fight recklessly!
You are too injured to fight recklessly!
You are too injured to fight recklessly!
You barely miss the ogre.
An orc comes into view. It is wielding a +0 flail.
You hit the ogre.
The ogre is lightly wounded.
The ogre hits you with a +0 giant club!
* * * LOW HITPOINT WARNING * * *
You closely miss the ogre.
The ogre is lightly wounded.
The ogre barely misses you.
An orc comes into view. It is wielding a +0 whip.
The orc shouts!
You hit the ogre.
The ogre is moderately wounded.
The ogre barely misses you. The orc hits you with a +0 morningstar.
* * * LOW HITPOINT WARNING * * *
The ogre attacks as you move away! The ogre hits you with a +0 giant club!
You die...

#....###### #....######
#.......... ##.##.#####
#.##.# ######....#
#####.......###
.######...........#
.....$.O@..........<....
#.###..o###.............
#...o## #.......###...
#...... #.......# ?.
....... #.......# .
....... #.......#
......o ........#
....... (......


You could see an ogre and 2 orcs.

Vanquished Creatures
  Natasha (thrice) (D:3)
  An orc wizard (D:3)
  2 adders (D:2)
  A worm (D:2)
  4 dart slugs
  4 orcs (D:3)
  3 ball pythons
  7 endoplasms
  3 giant cockroaches
  9 hobgoblins
  4 jackals (D:2)
  A quokka (D:2)
  2 bats
  4 frilled lizards
  5 goblins
  7 kobolds
  4 rats
64 creatures vanquished.

Notes
Turn   | Place    | Note
-------+----------+-------------------------------------------
     0 | D:1      | bande the Gargoyle Fighter began the quest for the Orb.
     0 | D:1      | Reached XP level 1. HP: 14/14 MP: 1/1
   152 | D:1      | Reached XP level 2. HP: 19/19 MP: 2/2
   533 | D:1      | Reached XP level 3. HP: 24/24 MP: 3/3
   934 | D:2      | Reached XP level 4. HP: 27/29 MP: 4/4
  1776 | D:3      | Noticed Natasha
  1783 | D:3      | Killed Natasha
  1899 | D:3      | Noticed Natasha
  1906 | D:3      | Killed Natasha
  1907 | D:3      | Reached XP level 5. HP: 28/33 MP: 5/5
  2007 | D:3      | Noticed Natasha
  2017 | D:3      | Killed Natasha
  2434 | D:3      | Noticed Sigmund
  2435 | D:3      | You fall into a shaft and drop 2 floors!
  2435 | D:5      | Entered Level 5 of the Dungeon
  2455 | D:5      | Noticed an ogre
  2464 | D:5      | Mangled by an ogre

Illustrated notes

Levels and vault maps discovered:
D:1:      dpeg_arrival_three_smaller_balls, layout_loops_ring, serial_rivers,
          chequers_serial_rivers_small_b, chequers_serial_rivers_room_b,
          chequers_serial_rivers_marsh, chequers_serial_rivers_room_b
D:2:      layout_basic, serial_corexii_hall, corexii_hall_statues_s,
          corexii_hall_statues_l, fountainhead
D:3:      layout_basic, uniq_sigmund, uniq_natasha
D:5:      layout_rooms

Skill      XL: |  1  2  3  4 |
---------------+-------------+-----
Axes           | 2 3 |  3.6
Fighting       | 4 |  4.0
Armour         | 4 |  4.5
Shields        | |  3.9

Action                   |  1- 3 |  4- 6 || total
-------------------------+-------+-------++-------
Melee: War axe           |    82 |    70 ||   152
  Use: Scroll            |     6 |     6 ||    12
Armor: Scale mail        |    14 |       ||    14
       Chain mail        |    52 |    41 ||    93
Dodge: Dodged            |    50 |    19 ||    69
Block: Buckler           |    29 |     7 ||    36

Table legend: (Time is in decaauts)
 A = Elapsed time spent in this place.
 B = Non-inter-level travel time spent in this place.
 C = Inter-level travel time spent in this place.
 D = Time resting spent in this place.
 E = Time spent auto-exploring this place.
 F = Levels seen in this place.
 G = Mean time per level.
                   A        B        C        D        E       F      G
               +--------+--------+--------+--------+--------+-----+--------+
         Total |   2542 |   2542 |      0 |    378 |   1680 |   4 |  635.5 |
       Dungeon |   2542 |   2542 |      0 |    378 |   1680 |   4 |  635.5 |
               +--------+--------+--------+--------+--------+-----+--------+

Top non-repeatable levels by time:
     D:1: 923 daAuts
     D:3: 816 daAuts
     D:2: 771 daAuts
     D:5: 30 daAuts
